AoeStats
← MarXthedruid

Arabia

510350192Analyzed
1v1 RM · 1d ago on Sep 30, 2026· 61m 20s· 2 players
Game mode
Random Map
Map size
Tiny (2 player)
Population
200
Speed
Normal
Resources
Standard
Victory
Conquest
Starting age
Dark Age
Ending age
Imperial Age
RankedLock teamsTeams togetherTeam positionsShared explorationLock speedFull tech treeHidden civsTurbo modeCheats
Victory
Defeat
🇧🇷 Malians · Brazil
1173
+16
🇬🇧 Danes · United Kingdom
1174
-16
Kapnoob
7:50 Loom
10:00 Feudal Age
10:29 Double-Bit Axe
12:07 Wheelbarrow
18:59 Castle Age
25:38 Squires
26:02 Scale Mail Armor
25:58 Arson
27:09 Chain Mail Armor
28:07 Forging
30:51 Iron Casting
32:56 Hand Cart
33:24 Fletching
38:20 Horse Collar
40:46 Bow Saw
43:27 Imperial Age
41:21 Bodkin Arrow
41:29 Tigui
43:24 Scale Barding Armor
43:33 Light Cavalry
44:15 Husbandry
44:27 Bloodlines
44:22 Farimba
44:43 Conscription
44:59 Chain Barding Armor
46:32 Ballistics
46:49 Plate Barding Armor
46:53 Masonry
46:15 Cavalier
50:15 Town Watch
51:55 Heavy Plow
53:39 Plate Mail Armor
53:08 Elite Gbeto
54:24 Hoardings
54:52 Chemistry
54:22 Architecture
54:32 Murder Holes
54:09 Heavy Camel Rider
58:20 Treadmill Crane
60:53 Padded Archer Armor
MarXthedruid
6:33 Loom
11:01 Feudal Age
11:18 Man-at-Arms
12:00 Double-Bit Axe
14:09 Arson
17:19 Scale Mail Armor
22:55 Castle Age
21:17 Horse Collar
22:02 Fletching
22:22 Forging
22:59 Gold Mining
24:06 Bodkin Arrow
24:12 Padded Archer Armor
24:28 Bow Saw
25:05 Crossbowman
26:44 Town Watch
27:54 Chain Mail Armor
28:21 Gold Shaft Mining
35:08 Ballistics
35:44 Thumb Ring
40:36 Heavy Plow
41:14 Leather Archer Armor
45:42 Imperial Age
43:50 Wheelbarrow
45:49 Capped Ram
46:45 Murder Holes
49:23 Cranequins
50:59 Conscription
55:30 Elite Varangian Guard
56:08 Pikeman
59:41 Halberdier
Connection lost

Rejoining the realm…

Still unreachable

The connection could not be restored.

Session expired

The server has moved on; the page needs a fresh start.